 Dungeon Crawl Stone Soup version 0.30.0-17-ge0270778cf (webtiles) character file.

Game seed: 15367857788908195689

184 Irreverend the Firebug (level 5, -4/28 HPs)
             Began as a Deep Elf Fire Elementalist on May 23, 2023.
             Slain by Grinder (8 damage)
             ... while paralysed by Grinder
             ... on level 3 of the Dungeon.
             The game lasted 00:05:12 (2855 turns).

Irreverend the Firebug (Deep Elf Fire Elementalist) Turns: 2855, Time: 00:05:12

Health: -4/28      AC:  3    Str:  5    XL:     5   Next: 36%
Magic:  6/13       EV:  2    Int: 22    God:
Gold:   105        SH:  0    Dex: 15    Spells: 10/13 levels left

rFire   . . .        (no weapon)
rCold   . . .        (no shield)
rNeg    . . .        a - +0 robe
rPois   .            (no helmet)
rElec   .            (no cloak)
rCorr   .            (no gloves)
SInv    .            j - +0 pair of boots
Will    .....        (no amulet)
Stlth   ++           (no ring)
HPRegen 0.24/turn    (no ring)
MPRegen 0.13/turn

%: no passive effects
@: paralysed
A: no striking features
a: no special abilities


You were on level 3 of the Dungeon.
You visited 1 branch of the dungeon, and saw 3 of its levels.

You collected 105 gold pieces.

Inventory:

Armour
 a - a +0 robe (worn)
 c - an orb of mayhem
 j - a +0 pair of boots (worn)
Scrolls
 d - 4 scrolls of identify {unknown}
 i - 2 scrolls of teleportation {unknown}
 k - a scroll of enchant weapon {unknown}
 r - a scroll of immolation {unknown}
 s - a scroll of fear {unknown}
 t - a scroll of enchant armour {unknown}
Potions
 b - a potion of magic
 e - a potion of flight {unknown}
 f - a potion of brilliance {unknown}
 g - 2 potions of curing {unknown}
 h - a potion of attraction {unknown}
 l - a potion of degeneration {unknown}
 m - a potion of mutation {unknown}
 n - a potion of heal wounds {unknown}
 o - a potion of berserk rage {unknown}
 p - a potion of haste {unknown}
 q - 2 potions of might {unknown}


   Skills:
 + Level 3.9 Dodging
 - Level 2.4 Stealth
 + Level 4.5 Spellcasting
 - Level 1.1 Conjurations
 * Level 5.3 Fire Magic


You had 10 spell levels left.
You knew the following spells:

 Your Spells              Type           Power      Damage    Failure   Level
a - Foxfire               Conj/Fire      76%        2x1d7     2%          1
b - Scorch                Fire           56%        2d7       1%          2

Your spell library contained the following spells:

 Spells                   Type           Power      Damage    Failure   Level
 Magic Dart               Conj           36%        1d4       7%          1
 Searing Ray              Conj           18%        2d5       10%         2
 Inner Flame              Hex/Fire       16%        N/A       11%         3
 Volatile Blastmotes      Fire/Tloc      32%        2d12      11%         3
 Flame Wave               Conj/Fire      19%        2d7       28%         4
 Ozocubu's Armour         Ice            5%         N/A       32%         3
 Fulminant Prism          Conj/Hex       3%         3d5       63%         4
 Ozocubu's Refrigeration  Ice            2%         4d8       100%        7


Dungeon Overview and Level Annotations

Branches:
Dungeon (3/15)

Altars:

Annotations:
D:3 Grinder


Message History

Grinder blinks!
You can move again.
Casting: Scorch (safe; 1% risk of failure)
Confirm with . or Enter, or press ? or * to list all spells.
You conjure some foxfire!
The hobgoblin shouts!
Grinder hits you!
You writhe in agony.
The foxfire hits Grinder.
Grinder is lightly wounded.
The foxfire hits Grinder but does no damage.
Grinder is lightly wounded.
Casting: Foxfire (safe; 2% risk of failure)
Confirm with . or Enter, or press ? or * to list all spells.
You conjure some foxfire!
Grinder hits you.
You writhe in agony.
The foxfire hits Grinder.
Grinder is lightly wounded.
The foxfire hits Grinder.
Grinder is moderately wounded.
There is an open door here.
You see here a bat corpse.
Casting: Foxfire (safe; 2% risk of failure)
Confirm with . or Enter, or press ? or * to list all spells.
You conjure some foxfire!
Grinder hits you!
* * * LOW HITPOINT WARNING * * *
Casting: Foxfire (safe; 2% risk of failure)
Confirm with . or Enter, or press ? or * to list all spells.
Flames lash Grinder.
Grinder is heavily wounded.
Grinder's fire resistance burns away.
The foxfire hits Grinder.
Grinder is burned terribly!
Grinder is heavily wounded.
The foxfire hits Grinder!
Grinder is burned terribly!
Grinder is severely wounded.
Grinder gestures at you.
You suddenly lose the ability to move!
Grinder gestures at you. Pain shoots through your body!
* * * LOW HITPOINT WARNING * * *
Grinder hits you!
You die...

#♣♣.##...#
#.# ##..#
####...# #.#
##.# ###.#
#.# #.# #.#
#.# #.## #.#
#.######..##
#.#
#.......#...
#.#
#######.###.
#.# #..###.
###@##
#......
#####..5.#
#..##..
.......g.#
#..##..
.........#
#...'..
.........#
#.###..
.......†.#
#.# #..
....[...##
#.#####
........#
#......
........#
#######


You could see Grinder (combustible) and a hobgoblin.

Vanquished Creatures
  An ogre (D:3)
  3 gnolls (D:3)
  2 adders
  A worm (D:3)
  An orc (D:3)
  A ball python (D:1)
  5 bats
  An endoplasm (D:1)
  4 giant cockroaches
  6 hobgoblins
  7 kobolds
  2 quokkas
  3 frilled lizards
  5 goblins
  6 rats
48 creatures vanquished.

Vanquished Creatures (collateral kills)
  A foxfire (D:3)
1 creature vanquished.

Vanquished Creatures (others)
  139 foxfires
139 creatures vanquished.

Grand Total: 188 creatures vanquished

Notes
Turn   | Place    | Note
-------+----------+-------------------------------------------
     0 | D:1      | Irreverend the Deep Elf Fire Elementalist began the quest
                  | for the Orb.
     0 | D:1      | Reached XP level 1. HP: 10/10 MP: 6/6
   371 | D:1      | Reached XP level 2. HP: 15/15 MP: 5/8
   439 | D:1      | Learned a level 2 spell: Scorch
   836 | D:1      | Found a faded altar of an unknown god.
  1352 | D:2      | Reached skill level 4 in Fire Magic
  1835 | D:3      | Noticed an ogre
  1837 | D:3      | Reached XP level 3. HP: 19/19 MP: 7/10
  2168 | D:3      | Reached XP level 4. HP: 24/24 MP: 4/11
  2459 | D:3      | Killed an ogre
  2460 | D:3      | Reached skill level 5 in Fire Magic
  2460 | D:3      | Reached XP level 5. HP: 28/28 MP: 6/13
  2843 | D:3      | Noticed Grinder
  2844 | D:3      | Paralysed by Grinder for 4 turns
  2853 | D:3      | Paralysed by Grinder for 3 turns
  2855 | D:3      | Slain by Grinder

Illustrated notes

Levels and vault maps discovered:
D:1:      dpeg_arrival_long_road, layout_loops_cross,
          hellmonk_ecumenical_altar_prayer_group, hex_large, minmay_tromino_v4_c
D:2:      layout_basic
D:3:      layout_basic, lexackson_kobold_supper, uniq_grinder

Skill      XL: |  1  2  3  4 |
---------------+-------------+-----
Fire Magic     | 4 5 |  5.3
Dodging        | 3 |  3.9
Spellcasting   | 4 |  4.5
Stealth        | |  2.4
Conjurations   | |  1.1

Action                     |  1- 3 |  4- 6 || total
---------------------------+-------+-------++-------
   Cast: Foxfire           |    52 |    28 ||    80
         Scorch            |     9 |     6 ||    15
 Armour: Robe              |     1 |       ||     1
  Dodge: Dodged            |     8 |     1 ||     9
